cohdb
Replays
Latest Replays
All Replays
Popular Replays
Top Player Replays
Match Explorer
How It Works
Community
CoH3 Stats
Reddit
Sign in to upload your games and track your stats! →
Sign in with Steam
Match 38340877
Unlisted
Match 38340877
Overview
Messages
Build Orders
End
Engineer Squad
Construct Barracks
Riflemen Squad
Riflemen Squad
Selects Advanced Infantry Battlegroup
Selects Advanced Infantry Battlegroup
Selects Convert to Ranger Squad
.30 cal Machine Gun
Convert to Ranger Squad
Construct Weapon Support Center
Bazooka Squad
Air Support Center
Selects Ammunition Storage
M3 Armored Personnel Carrier
Selects Frontline Medical Station
Frontline Medical Station
Construct Tank Depot
Selects Ranger Weapon Training
Convert to Ranger Squad
Construct Tank Depot
Grasshopper Recon Run
M4A1 Sherman Medium Tank
M18 Hellcat Tank Destroyer
Selects M2A1 105mm Howitzer Emplacement
M4A1 Sherman Medium Tank
.30 cal Machine Gun
Green
killerdaffy
The Incredible Fella
★ Bab00n ★
qZeto
Epicdeath
BIOHAZARD
Gorgolo
0
0
Comments
sign in to comment!
No comments posted yet!